 Dungeon Crawl Stone Soup version 0.18.1-48-g4cf74bf (webtiles) character file.

75 Heedrag the Conjurer (level 4, -5/24 HPs)
             Began as a Deep Elf Conjurer on Aug 13, 2016.
             Killed from afar by an orc wizard (6 damage)
             ... with a magic dart
             ... on level 3 of the Dungeon.
             The game lasted 00:04:12 (1630 turns).

Heedrag the Conjurer (Deep Elf Conjurer)            Turns: 1630, Time: 00:04:12

Health: -5/24      AC:  2    Str:  9    XL:     4   Next: 11%
Magic:  0/12       EV: 13    Int: 20    God:
Gold:   92         SH:  0    Dex: 15    Spells: 1 memorised, 10 levels left

rFire  . . .     SeeInvis .     m - +0 short sword (speed)
rCold  . . .     Gourm    .     a - +0 robe
rNeg   . . .     Faith    .     (no shield)
rPois  .         Spirit   .     (no helmet)
rElec  .         Dismiss  .     (no cloak)
rCorr  .         Reflect  .     (no gloves)
SustAt .         Harm     .     (no boots)
MR     .....                    (no amulet)
Stlth  ++........               (no ring)
                                h - +3 ring of strength

@: not resistant to hostile enchantments, unstealthy
A: no striking features
a: no special abilities


You were on level 3 of the Dungeon.
You were not hungry.

You visited 1 branch of the dungeon, and saw 3 of its levels.

You collected 92 gold pieces.

Inventory:

Hand Weapons
 i - a +0 short sword
 m - a +0 short sword of speed (weapon)
Armour
 a - a +0 robe (worn)
Jewellery
 h - a +3 ring of strength (left hand)
Scrolls
 k - a scroll of enchant armour {unknown}
 n - a scroll of noise {unknown}
 o - a scroll of identify {unknown}
 p - a scroll of magic mapping {unknown}
 r - 3 scrolls of immolation {unknown}
Potions
 e - 2 potions of curing {unknown}
 g - a potion of lignification {unknown}
 j - a potion of might {unknown}
 l - 2 potions of agility {unknown}
Books
 b - a book of Conjurations

   Spells                             Type                      Level
   a - Magic Dart                     Conjuration                  1
   b - Searing Ray                    Conjuration                  2
   c - Dazzling Spray                 Conjuration/Hexes            3
   d - Fulminant Prism                Conjuration/Hexes            4
   e - Iskenderun's Mystic Blast      Conjuration                  4
   f - Iskenderun's Battlesphere      Conjuration/Charms           5
Comestibles
 c - 2 bread rations
 f - 2 meat rations
 q - a slice of pizza


   Skills:
 - Level 2.4 Dodging
 - Level 2.4 Stealth
 + Level 4.2 Spellcasting
 * Level 5.6 Conjurations


You had 10 spell levels left.
You knew the following spells:

 Your Spells              Type           Power        Failure   Level  Hunger
a - Magic Dart            Conj           ####         1%          1    None


Dungeon Overview and Level Annotations

Branches:
Dungeon (3/15)

Altars:
Cheibriados

Annotations:
D:2 Terence


Message History

Tha orc wizard blinks!
Castin': Magic Dart Confirm wit' . or Enter, or press ? or * ta list all spells.
Aimin': Magic Dart
Press: ? - help, Shift-Dir - straight line, f - orc wizard
Aim: an orc wizard, wieldin' a dagger an' wearin' a robe (severely wounded, fast) Tha magic dart hits tha orc wizard.
Tha orc wizard be almost dead.
Castin': Magic Dart Confirm wit' . or Enter, or press ? or * ta list all spells.
Ye dinnae haf enough magic ta cast tha spell.
Unknown command.
Tha orc wizard gestures at ye while chantin'.
Tha magic dart hits ye!
* * * LOW HITPOINT WARNIN'
* * * Thin's tha be 'ere: a rin' mail; an orc corpse Tha orc wizard points at ye an' mumbles some strange words.
Tha magic dart hits ye!
Ye die...

# ### ..
#.######.##
#..........
#.......(..
#.(<.......
#o)........
#ยง######<##
#@.......
#....####
.........
##....####
#....#
#....#
######


You could see an orc wizard.

Vanquished Creatures
  An adder (D:2)
  A worm (D:2)
  A dart slug (D:2)
  A giant gecko (D:1)
  2 orcs (D:3)
  5 bats
  A giant cockroach (D:1)
  6 goblins
  11 hobgoblins
  8 jackals
  A ball python (D:1)
  A giant newt (D:1)
  4 kobolds
  9 rats
52 creatures vanquished.

Notes
Turn   | Place    | Note
--------------------------------------------------------------
     0 | D:1      | Heedrag the Deep Elf Conjurer began the quest for the Orb.
     0 | D:1      | Reached XP level 1. HP: 10/10 MP: 6/6
   112 | D:1      | Reached XP level 2. HP: 14/15 MP: 0/8
   389 | D:1      | Reached skill level 5 in Conjurations
   573 | D:1      | Reached XP level 3. HP: 19/19 MP: 6/10
  1194 | D:2      | Found a snail-covered altar of Cheibriados.
  1516 | D:2      | Noticed Terence
  1606 | D:3      | Reached XP level 4. HP: 20/24 MP: 8/12
  1629 | D:3      | HP: 1/24 [orc wizard/magic dart (6)]
  1630 | D:3      | Killed from afar by an orc wizard

Skill      XL: |  1  2  3 |
---------------+----------+-----
Conjurations   | 5 |  5.6
Spellcasting   | 4 |  4.2
Dodging        | |  2.4
Stealth        | |  2.4

Action                   |  1- 3 |  4- 6 || total
-------------------------+-------+-------++-------
Melee: Unarmed           |     7 |       ||     7
       Short sword       |       |     9 ||     9
 Cast: Magic Dart        |   100 |    12 ||   112
  Eat: Chunk             |     2 |       ||     2
Armor: Robe              |     4 |       ||     4
Dodge: Dodged            |    11 |     6 ||    17
